 Dungeon Crawl Stone Soup version 0.29.1-2-gbd0b4ee654 (webtiles) character file.

Game seed: 8295787614092249691

1544 firemarshallily the Grappler (level 8, -2/74 HPs)
             Began as a Ghoul Gladiator on Nov 1, 2022.
             Slain by an orc warrior
             ... wielding a +0 mace
              (17 damage)
             ... on level 6 of the Dungeon.
             The game lasted 00:10:27 (5747 turns).

firemarshallily the Grappler (Ghoul Gladiator)      Turns: 5747, Time: 00:10:28

Health: -2/74      AC:  4    Str: 20    XL:     8   Next: 87%
Magic:  7/7        EV: 12    Int:  3    God:
Gold:   216        SH:  0    Dex: 10    Spells: 7/7 levels left

rFire   . . .      SeeInvis .     - Unarmed
rCold   + . .      Faith    .   (no shield)
rNeg    + + +      Spirit   .   a - +0 leather armour
rPois   ∞          Reflect  .   b - +0 helmet
rElec   .          Harm     .   (no cloak)
rCorr   .          Rampage  .   (no gloves)
Will    .....                   (no boots)
Stlth   +.........              (no amulet)
HPRegen 0.00/turn               p - ring of flight
MPRegen 0.10/turn               (no ring)

@: flying, inhibited regen
A: claws 1, cold resistance 1, negative energy resistance 3, inhibited
regeneration, torment resistance 2, devour on kill
a: no special abilities


You were on level 6 of the Dungeon.
You visited 1 branch of the dungeon, and saw 6 of its levels.

You collected 216 gold pieces.

Inventory:

Missiles
 c - 3 throwing nets (quivered)
 d - a javelin
 e - 3 atropa-tipped darts
 h - 57 stones
 m - a curare-tipped dart
Armour
 a - a +0 leather armour (worn)
 b - a +0 helmet (worn)
Jewellery
 p - a ring of flight (left claw)
Wands
 v - a wand of roots (14)
Scrolls
 f - 2 scrolls of brand weapon {unknown}
 g - 2 scrolls of summoning
 i - a scroll of fear
 j - a scroll of butterflies {unknown}
 k - 3 scrolls of immolation
 l - a scroll of blinking {unknown}
 o - 2 scrolls of noise {unknown}
 r - a scroll of acquirement {unknown}
 s - 3 scrolls of teleportation {unknown}
 t - a scroll of magic mapping {unknown}
 u - a scroll of vulnerability {unknown}
 w - a scroll of silence
 y - a scroll of enchant armour {unknown}
Potions
 n - a potion of attraction {unknown}
 x - 2 potions of cancellation {unknown}
 z - a potion of mutation {unknown}
 A - a potion of heal wounds {unknown}


   Skills:
 * Level 7.8 Fighting
 - Level 1.7 Throwing
 + Level 4.1 Armour
 - Level 2.6 Dodging
 * Level 8.2 Unarmed Combat


You had 7 spell levels left.
You didn't know any spells.
Your spell library contained the following spells:

 Spells                   Type           Power      Damage    Failure   Level
 Necrotise                Necr           0%         1d4       56%         1
 Ozocubu's Armour         Ice            0%         N/A       91%         3
 Stone Arrow              Conj/Erth      0%         3d7       91%         3
 Vampiric Draining        Necr           0%         2d6       91%         3
 Animate Armour           Summ/Erth      0%         N/A       100%        4
 Animate Dead             Necr           0%         N/A       100%        4
 Agony                    Necr           0%         N/A       100%        5
 Borgnjor's Vile Clutch   Necr/Erth      0%         N/A       100%        5
 Death Channel            Necr           0%         N/A       100%        6
 Ozocubu's Refrigeration  Ice            0%         4d7       100%        7
 Lehudib's Crystal Spear  Conj/Erth      0%         10d2      100%        8


Dungeon Overview and Level Annotations

Branches:
Dungeon (6/15)
 Temple: D:4-7

Altars:
Ashenzari
Nemelex Xobeh
Okawaru
Xom
Yredelemnul

Annotations:
D:2 Sigmund


Innate Abilities, Weirdness & Mutations

You are immune to poison.
You have sharp fingernails.
Your flesh is cold resistant. (rC+)
You are immune to negative energy. (rN+++)
You do not regenerate when monsters are visible.
You are immune to unholy pain and torment.
You thrive by killing the living.


Message History

You claw the orc!
You kill the orc!
The orc warrior unwields a +0 mace.
The orc warrior wields a +0 arbalest.
The orc warrior shoots a bolt.
The bolt hits you!
Things that are here:
a +0 whip; an orc corpse The orc priest closely misses you.
The orc warrior unwields a +0 arbalest.
The orc warrior wields a +0 mace.
The orc warrior misses you.
You claw the orc priest! You claw the orc priest.
You kill the orc priest!
You scratch the orc warrior but do no damage.
The orc warrior hits you with a +0 mace.
* * * LOW HITPOINT WARNING * * *
The orc barely misses you.
You barely miss the orc.
The orc warrior hits you with a +0 mace!
* * * LOW HITPOINT WARNING * * *
The orc closely misses you.
You claw the orc!
You kill the orc!
You feel better. The orc warrior barely misses you.
You barely miss the orc warrior.
The orc warrior hits you with a +0 mace!
* * * LOW HITPOINT WARNING * * *
You claw the orc warrior!
The orc warrior is moderately wounded.
Something hits you but does no damage. The orc warrior barely misses you.
You barely miss something. Something hits you.
* * * LOW HITPOINT WARNING * * *
The orc warrior hits you but does no damage.
You scratch the orc warrior but do no damage.
The orc warrior is moderately wounded.
Something hits you but does no damage.
You completely miss the orc warrior.
The orc warrior is moderately wounded.
The orc warrior closely misses you. Something hits you.
* * * LOW HITPOINT WARNING * * *
You feel better.
The orc warrior hits you with a +0 mace!
You die...

##...#..........#### ##.
#. ...#.##............#
#.. #.
.###.##........###...#
#.# #. ## .##.####### #.#
#.# #. ..#. # #.# #. ...
#.# #. #.. #.# #.
.########## #.# ##.
.......{@o## #.#####..
#.###.###).######.##.....
# #...<....>)..##).
#+###...###.#########
+_###..)##..#
#+###..##..## #.#.@..
#.#.... ..#....


You could see an orc warrior.

Vanquished Creatures
  Edmund (D:6)
  2 water moccasins
  A black bear (D:5)
  An ice beast (D:5)
  3 ogres
  A centaur (D:5)
  A kobold brigand (D:6)
  3 scorpions (D:5)
  An orc priest (D:6)
  4 hounds
  A jelly (D:4)
  5 iguanas
  8 adders
  A white imp (D:6)
  A worm (D:4)
  8 orcs
  5 ball pythons
  3 endoplasms
  4 giant cockroaches
  2 goblins (D:1)
  4 hobgoblins (D:3)
  5 jackals
  3 quokkas (D:1)
  3 frilled lizards
  9 kobolds
  5 rats
  A spectral orc (D:4)
86 creatures vanquished.

Vanquished Creatures (others)
  4 fungi (D:5)
4 creatures vanquished.

Grand Total: 90 creatures vanquished

Notes
Turn   | Place    | Note
-------+----------+-------------------------------------------
     0 | D:1      | firemarshallily the Ghoul Gladiator began the quest for the
                  | Orb.
     0 | D:1      | Reached XP level 1. HP: 17/17 MP: 0/0
   103 | D:1      | Found a faded altar of an unknown god.
   252 | D:1      | Reached XP level 2. HP: 25/25 MP: 1/1
   883 | D:2      | Reached XP level 3. HP: 19/31 MP: 2/2
  1013 | D:2      | Noticed Sigmund
  1246 | D:3      | Reached skill level 4 in Unarmed Combat
  1270 | D:3      | Identified the +9 short sword of Muit {speed, rPois Str+4
                  | Dex-5}
  1433 | D:3      | Reached skill level 1 in Armour
  1550 | D:3      | Reached XP level 4. HP: 38/38 MP: 3/3
  1900 | D:4      | Reached XP level 5. HP: 26/46 MP: 4/4
  2190 | D:4      | Found a basalt altar of Yredelemnul.
  2234 | D:4      | Noticed a water moccasin
  2252 | D:4      | Killed a water moccasin
  2253 | D:4      | Reached skill level 5 in Unarmed Combat
  2253 | D:4      | Reached XP level 6. HP: 14/53 MP: 5/5
  2809 | D:5      | Entered Level 5 of the Dungeon
  2979 | D:5      | Found a broken altar of Ashenzari.
  3047 | D:5      | Reached skill level 5 in Fighting
  3216 | D:5      | Noticed a water moccasin
  3233 | D:5      | Killed a water moccasin
  3234 | D:5      | Reached skill level 6 in Unarmed Combat
  3234 | D:5      | Reached XP level 7. HP: 33/61 MP: 6/6
  3902 | D:5      | Reached XP level 8. HP: 71/71 MP: 7/7
  3956 | D:5      | Reached skill level 7 in Unarmed Combat
  4119 | D:5      | Found a shimmering altar of Xom.
  4881 | D:6      | Noticed a yak
  4892 | D:6      | Found a sparkling altar of Nemelex Xobeh.
  5242 | D:6      | Noticed Edmund
  5265 | D:6      | HP: 2/73 [Edmund/+3 flail of protection (2)]
  5277 | D:6      | Found an iron altar of Okawaru.
  5607 | D:6      | Killed Edmund
  5608 | D:6      | Reached skill level 8 in Unarmed Combat
  5747 | D:6      | Slain by an orc warrior

Illustrated notes

Levels and vault maps discovered:
D:1:      beargit_arrival_diablo_church, layout_loops_ring,
          basic_ecumenical_altar, minmay_pentomino_r4
D:2:      layout_rooms, uniq_crazy_yiuf_cottage, uniq_sigmund
D:3:      layout_basic, roderic_lattice_a, minmay_tree_intersection,
          kennysheep_nondescript, corexii_item_surrounded_by_moat
D:4:      layout_basic, yredelemnul_forgotten_temple_becter
D:5:      layout_basic, nicolae_ashenzari_skybound, kennysheep_mini,
          minmay_misc_feat_cross, water_boxes_lemuel
D:6:      layout_rooms, nemelex_spade_bored_becter,
          nicolae_uskayaw_murder_on_the_dancefloor, lemuel_doored_altar,
          minmay_temple_entry_nine_rooms, uniq_pikel, uniq_edmund

Skill      XL: |  1  2  3  4  5  6  7  8 |
---------------+-------------------------+-----
Fighting       | 3 4 5 6 7 |  7.8
Unarmed Combat | 4 5 6 8 |  8.2
Armour         | 1 2 3 4 |  4.1
Throwing       | |  1.7
Dodging        | |  2.6

Action                   |  1- 3 |  4- 6 |  7- 9 || total
-------------------------+-------+-------+-------++-------
Melee: Unarmed           |    77 |   116 |   147 ||   340
       Punch             |     3 |       |     7 ||    10
Throw: Dart              |       |       |     1 ||     1
  Use: Scroll            |       |       |     6 ||     6
       Potion            |       |       |     2 ||     2
 Stab: Distracted        |       |     1 |       ||     1
Armor: Leather armour    |    21 |    25 |    20 ||    66
Dodge: Dodged            |    30 |    57 |    83 ||   170
